 Dungeon Sprint DCSS version 0.27.1-3-gb3d3a73c9e (webtiles) character file.

Game seed: 9001506816137382961

435 raph the Carver (level 6, -2/93 HPs)
             Began as a Minotaur Berserker on Oct 20, 2021.
             Was a Believer of Trog.
             Slain by a centaur warrior (12 damage)
             ... in the Dungeon (Sprint I: "Red Sonja").
             The game lasted 00:00:58 (688 turns).

raph the Carver (Minotaur Berserker)                 Turns: 688, Time: 00:00:58

Health: -2/93      AC:  6    Str: 22    XL:     6   Next: 68%
Magic:  5/5        EV: 13    Int:  4    God:    Trog [**....]
Gold:   300        SH:  0    Dex: 11    Spells: 5/5 levels left

rFire    . . .     SeeInvis .   a - +0 falchion
rCold    . . .     Faith    .   (no shield)
rNeg     . . .     Spirit   .   j - +0 ring mail
rPois    .         Reflect  .   (helmet restricted)
rElec    .         Harm     .   (no cloak)
rCorr    .         Rampage  .   (no gloves)
Will     .....     NoTele   +   (no boots)
Stlth    ..........             (no amulet)
HPRegen  0.25/turn              (no ring)
MPRegen  0.09/turn              (no ring)

@: berserking, slow
A: horns 2, retaliatory headbutt
a: Renounce Religion, Berserk, Trog's Hand


You were in the Dungeon.
You worshipped Trog.
Trog was pleased with you.
You visited 1 branch You collected 300 gold pieces.

Inventory:

Hand Weapons
 a - a +0 falchion (weapon)
Armour
 b - a +0 animal skin
 j - a +0 ring mail (worn)
Wands
 i - a wand of flame (10)
Scrolls
 h - a scroll of blinking
Potions
 c - a potion of curing
 d - a potion of heal wounds
 e - a potion of haste
 f - 2 potions of magic
 g - a potion of berserk rage
 k - a potion of attraction {unknown}


   Skills:
 + Level 8.5 Fighting
 * Level 11.3 Long Blades
 + Level 8.1 Armour
 + Level 7.4 Dodging


You had 5 spell levels left.
You didn't know any spells.
Your spell library was empty.

Dungeon Overview and Level Annotations

Branches:
Dungeon (1/1)

Altars:
Cheibriados
Dithmenos
Elyvilon
Fedhas
Gozag
Hepliaklqana
Kikubaaqudgha
Nemelex Xobeh
Okawaru
Qazlal
Ru
Sif Muna
Trog
Uskayaw
Vehumet
Wu Jian
Yredelemnul
Zin
The Shining One

Shops:
D !


Innate Abilities, Weirdness & Mutations

You have a pair of horns on your head.
You reflexively headbutt those who attack you in melee.


Message History

You headbutt the centaur warrior, but do no damage.
The centaur warrior kicks you but does no damage.
The centaur warrior hits you but does no damage.
The centaur warrior kicks you.
The centaur warrior shoots an arrow.
The arrow hits you!!
A red film seems to cover your vision as you go berserk!
You feel yourself moving faster!
You feel mighty!
The centaur warrior shoots an arrow.
The arrow hits you! The centaur warrior hits you.
The centaur warrior closely misses you.
You completely miss the centaur warrior.
The centaur warrior shoots an arrow.
The arrow hits you! The centaur warrior hits you.
The centaur warrior barely misses you.
You are too injured to fight recklessly!
You are too injured to fight recklessly!
You are too injured to fight recklessly!
You are too injured to fight recklessly!
You are too injured to fight recklessly!
You are too injured to fight recklessly!
You slash the centaur warrior!
The centaur warrior is moderately wounded.
The centaur warrior hits you.
* * * LOW HITPOINT WARNING * * *
The centaur warrior closely misses you.
You closely miss the centaur warrior.
The centaur warrior is moderately wounded.
You barely miss the centaur warrior.
The centaur warrior is moderately wounded.
The centaur warrior hits you!
* * * LOW HITPOINT WARNING * * *
The centaur warrior kicks you.
* * * LOW HITPOINT WARNING * * *
The centaur warrior unwields a +0 shortbow.
The centaur warrior hits you!
* * * LOW HITPOINT WARNING * * *
The centaur warrior barely misses you.
You hit the centaur warrior.
Your headbutt misses the centaur warrior.
The centaur warrior is moderately wounded.
The centaur warrior hits you!
You die...

##############
.#..').#..'..#
.').#..').#..+
.#####'#####'# ###
.####..#...#.####§§#
.#__####..##.#§§@c§#
.#_____##'#_.'§§§c.+
⌠#_.∩...†..._#§§§§.#
##_..__##_.#'##+####
#_____###+#(#
####### ###


You could see 2 centaur warriors.

Vanquished Creatures
  Sigmund (D)
  A yak (D)
  An ogre (D)
  A jelly (D)
  Ijyb (D)
5 creatures vanquished.

Vanquished Creatures (others)
  A hornet (D)
1 creature vanquished.

Grand Total: 6 creatures vanquished

Notes
Turn   | Place    | Note
-------+----------+-------------------------------------------
     0 | D        | raph the Minotaur Berserker began the quest for the Orb.
     0 | D        | Reached XP level 1. HP: 19/19 MP: 0/0
     1 | D        | Noticed Ijyb
    11 | D        | Killed Ijyb
    12 | D        | Reached skill level 5 in Long Blades
    12 | D        | Reached XP level 2. HP: 25/28 MP: 1/1
   128 | D        | Noticed an ogre
   134 | D        | Killed an ogre
   135 | D        | Reached skill level 7 in Long Blades
   135 | D        | Reached skill level 5 in Armour
   135 | D        | Reached XP level 3. HP: 37/37 MP: 2/2
   135 | D        | Reached XP level 4. HP: 44/44 MP: 3/3
   293 | D        | Noticed Sigmund
   299 | D        | Killed Sigmund
   299 | D        | Reached ** piety under Trog
   300 | D        | Reached skill level 10 in Long Blades
   300 | D        | Reached XP level 5. HP: 52/52 MP: 4/4
   444 | D        | Found a shimmering blue altar of Sif Muna.
   445 | D        | Found an ornate altar of the Wu Jian Council.
   446 | D        | Found a radiant altar of Vehumet.
   449 | D        | Reached XP level 6. HP: 60/61 MP: 5/5
   472 | D        | Found Ziys's Distillery.
   472 | D        | Found an ancient bone altar of Kikubaaqudgha.
   472 | D        | Found a hazy altar of Hepliaklqana.
   472 | D        | Found a stormy altar of Qazlal.
   472 | D        | Found a hide-covered altar of Uskayaw.
   472 | D        | Found a blossoming altar of Fedhas.
   472 | D        | Found a bloodstained altar of Trog.
   472 | D        | Found an iron altar of Okawaru.
   472 | D        | Found a basalt altar of Yredelemnul.
   472 | D        | Found a glowing golden altar of the Shining One.
   472 | D        | Found a snail-covered altar of Cheibriados.
   472 | D        | Found a sacrificial altar of Ru.
   472 | D        | Found a glowing silver altar of Zin.
   472 | D        | Found a shadowy altar of Dithmenos.
   472 | D        | Found a white marble altar of Elyvilon.
   472 | D        | Noticed a yak
   481 | D        | Killed a yak
   482 | D        | Reached skill level 11 in Long Blades
   661 | D        | Found an opulent altar of Gozag.
   662 | D        | Found a sparkling altar of Nemelex Xobeh.
   678 | D        | Noticed a centaur warrior
   682 | D        | Noticed a centaur warrior
   687 | D        | Killed a hornet
   688 | D        | Slain by a centaur warrior

Illustrated notes

Levels and vault maps discovered:
D:        dungeon_sprint_1 [red_sonja_temple_1, red_sonja_temple_small_1]

Skill      XL: |  1  2  3  4  5  6 |
---------------+-------------------+-----
Fighting       | 4 6 7 8 |  8.5
Long Blades    | 5 7 10 11 | 11.3
Armour         | 3 5 7 8 |  8.1
Dodging        | 3 4 6 7 |  7.4

Action                   |  1- 3 |  4- 6 || total
-------------------------+-------+-------++-------
Melee: Falchion          |    12 |    19 ||    31
       Headbutt          |     1 |     6 ||     7
Invok: Berserk           |     2 |     2 ||     4
Armor: Ring mail         |       |     4 ||     4
Dodge: Dodged            |     6 |     8 ||    14
       Rpst.: Falchion   |     1 |     1 ||     2
